 Dungeon Crawl Stone Soup version 0.28-a0-697-g47f3eba078 (webtiles) character file.

Game seed: 12652411156546801646

520 siradein the Ducker (level 7, -7/53 HPs)
             Began as a Demonspawn Gladiator on Oct 23, 2021.
             Was a High Priest of Uskayaw.
             Killed by divine providence
             ... invoked by an orc priest
              (13 damage)
             ... on level 4 of the Dungeon.
             The game lasted 00:04:29 (3109 turns).

siradein the Ducker (Demonspawn Gladiator)          Turns: 3109, Time: 00:04:30

Health: -7/53      AC: 13    Str: 15    XL:     7   Next: 1%
Magic:  5/9        EV: 12    Int:  9    God:    Uskayaw [*****.]
Gold:   169        SH:  4    Dex: 16    Spells: 6/6 levels left

rFire   . . .      SeeInvis .   h - +1 dagger (venom)
rCold   . . .      Faith    .   (no shield)
rNeg    . . .      Spirit   .   k - +0 ring mail
rPois   .          Reflect  .   g - +1 helmet
rElec   .          Harm     .   (no cloak)
rCorr   .          Rampage  .   (no gloves)
Will    .....                   o - +1 pair of boots
Stlth   +.........              (no amulet)
HPRegen 0.17/turn               (no ring)
MPRegen 0.11/turn               (no ring)

@: no status effects
A: hooves 2, icemail 1, spiny 1, condensation shield
a: Renounce Religion, Stomp, Line Pass, Grand Finale


You were on level 4 of the Dungeon.
You worshipped Uskayaw.
Uskayaw was noncommittal.
You visited 1 branch of the dungeon, and saw 4 of its levels.

You collected 169 gold pieces.

Inventory:

Hand Weapons
 a - a +0 long sword
 h - a +1 dagger of venom (weapon)
Missiles
 d - 4 throwing nets (quivered)
Armour
 g - a +1 helmet (worn)
 k - a +0 ring mail (worn)
 o - a +1 pair of boots (worn)
Scrolls
 b - 2 scrolls of fog {unknown}
 c - a scroll of magic mapping {unknown}
 e - 2 scrolls of immolation {unknown}
 f - 2 scrolls of noise {unknown}
 i - 2 scrolls of teleportation {unknown}
 j - 2 scrolls of identify {unknown}
 m - a scroll of fear {unknown}
Potions
 l - a potion of invisibility {unknown}
 n - 2 potions of magic {unknown}
 p - a potion of curing {unknown}


   Skills:
 + Level 3.9 Fighting
 + Level 4.1 Long Blades
 + Level 3.5 Throwing
 + Level 4.1 Dodging
 + Level 3.0 Invocations


You had 6 spell levels left.
You didn't know any spells.
Your spell library was empty.

Dungeon Overview and Level Annotations

Branches:
Dungeon (4/15)
 Temple: D:4-7

Altars:
Uskayaw
The Shining One


Innate Abilities, Weirdness & Mutations

You have hoof-like feet.
A meltable icy envelope protects you from harm. (AC +4)
You are partially covered in sharp spines.
A meltable shield of frost defends you. (SH +4)


Message History

The ogre hits the ogre with a +0 giant club!!
The ogre is killed!
Your Long Blades skill increases to level 4!
You hit the jelly.
Your hands burn!
The jelly is heavily wounded.
The ogre seems less confused.
The jelly is struck by your spines. The jelly hits you but does no damage.
A goblin comes into view. It is wielding a +0 dagger.
Found 9 gold pieces.
The jelly is struck by your spines. The jelly barely misses you.
You kill the jelly!
Your Invocations skill increases to level 3!
You have reached level 7!
The goblin is struck by your spines.
You kill the goblin!
An orc and an orc priest come into view.
The orc priest shouts!
An orc comes into view. It is wielding a +0 hand axe.
The orc shouts!
You hit the orc priest.
The orc priest is poisoned.
The orc priest is lightly wounded.
The orc priest calls down the wrath of Beogh upon you.
Pain shoots through your body! The ogre is struck by your spines.
The ogre hits you with a +0 giant club.
* * * LOW HITPOINT WARNING * * *
Unknown command.
You barely miss the orc. The orc closely misses you.
The orc priest hits you with a +0 flail.
* * * LOW HITPOINT WARNING * * *
The orc priest invokes the aid of Beogh against you.
Beogh smites you!
* * * LOW HITPOINT WARNING * * *
You hit the orc but do no damage.
The orc is poisoned.
The orc is struck by your spines. The orc hits you but does no damage.
You hit the orc.
You kill the orc!
You barely miss the orc.
The orc priest mumbles some strange prayers to Beogh against you.
Beogh smites you!
You die...

# #.## ... #......# ....
........ #.......###
....###........
...#......##... #...
.....# #.....##.....##
#..# .....
#....##......###..##....
##....###.....#....#..#
.......#)........o)o..#
......[†))......@##..##
#.##.<###........##..#
#..# ##...........#
#...# #.†....)..#..#
##..##..........##.....
##...................##
...............$##..#
.##..............##..# .
#...............#...


You could see an orc priest (poisoned) and an orc.

Vanquished Creatures
  A black bear (D:4)
  An ogre (D:4)
  A scorpion (D:2)
  A howler monkey (D:4)
  A jelly (D:4)
  A hound (D:4)
  4 gnolls (D:2)
  8 adders
  A worm (D:2)
  2 dart slugs (D:4)
  3 orcs
  6 bats
  7 endoplasms
  2 giant cockroaches
  5 goblins
  11 hobgoblins
  6 kobolds
  6 quokkas
  7 ball pythons
  4 frilled lizards
  7 rats
85 creatures vanquished.

Vanquished Creatures (others)
  3 plants (D:2)
3 creatures vanquished.

Grand Total: 88 creatures vanquished

Notes
Turn   | Place    | Note
-------+----------+-------------------------------------------
     0 | D:1      | siradein the Demonspawn Gladiator began the quest for the
                  | Orb.
     0 | D:1      | Reached XP level 1. HP: 16/16 MP: 1/1
   235 | D:1      | Gained mutation: You have large cloven feet. [demonic
                  | ancestry]
   235 | D:1      | Reached XP level 2. HP: 16/22 MP: 2/2
   579 | D:1      | Found a faded altar of an unknown god.
   843 | D:2      | Gained mutation: You are partially covered in sharp spines.
                  | [demonic ancestry]
   843 | D:2      | Reached XP level 3. HP: 28/28 MP: 3/3
   940 | D:2      | Found a hide-covered altar of Uskayaw.
  1006 | D:2      | Noticed a scorpion
  1016 | D:2      | Killed a scorpion
  1017 | D:2      | Gained mutation: A meltable shield of frost defends you.
                  | (SH +4) [demonic ancestry]
  1017 | D:2      | Reached XP level 4. HP: 28/34 MP: 4/4
  1033 | D:2      | Became a worshipper of Uskayaw the Reveller
  1101 | D:2      | Reached * piety under Uskayaw
  1137 | D:2      | Reached ** piety under Uskayaw
  1235 | D:2      | Reached *** piety under Uskayaw
  1643 | D:2      | Gained mutation: A meltable icy envelope protects you from
                  | harm. (AC +4) [demonic ancestry]
  1643 | D:2      | Reached XP level 5. HP: 32/41 MP: 5/5
  1649 | D:2      | Reached skill level 1 in Invocations
  3055 | D:4      | Noticed a black bear
  3068 | D:4      | Reached **** piety under Uskayaw
  3069 | D:4      | Gained mutation: You have hoof-like feet. [demonic
                  | ancestry]
  3069 | D:4      | Reached XP level 6. HP: 34/47 MP: 7/7
  3078 | D:4      | Reached ***** piety under Uskayaw
  3097 | D:4      | Reached XP level 7. HP: 24/53 MP: 3/9
  3109 | D:4      | Killed from afar by an orc priest

Illustrated notes

Levels and vault maps discovered:
D:1:      scummos_arrival_hexagon, layout_rooms,
          chequers_ecumenical_altar_twisty, minmay_pentomino_v2
D:2:      layout_basic, serial_bayou, serial_bayou_crossing,
          serial_bayou_shore_a, serial_bayou_pond_b, serial_bayou_lagoon_a,
          basic_altar, minmay_indecisive_spiral
D:3:      layout_loops_ring, tso_metal_star, minmay_statues_item,
          minmay_fractal_squares_5
D:4:      layout_cave_pools, mainiacjoe_overflow_catch_the_wave,
          corexii_leaking_fountain

Skill      XL: |  1  2  3  4  5  6 |
---------------+-------------------+-----
Throwing       | 2 3 |  3.5
Dodging        | 3 4 |  4.1
Long Blades    | 3 4 |  4.1
Fighting       | 3 |  3.9
Invocations    | 2 3 |  3.0

Action                   |  1- 3 |  4- 6 |  7- 9 || total
-------------------------+-------+-------+-------++-------
Melee: Long sword        |    52 |       |       ||    52
       Dagger            |    22 |   122 |     5 ||   149
       Kick              |     5 |       |       ||     5
Invok: Line Pass         |       |     1 |       ||     1
 Stab: Paralysed         |       |     3 |       ||     3
Armor: Leather armour    |    27 |     7 |       ||    34
       Ring mail         |       |    30 |     1 ||    31
Dodge: Dodged            |    49 |    59 |     1 ||   109
Block: Other             |       |    16 |       ||    16

Table legend: (Time is in decaauts)
 A = Elapsed time spent in this place.
 B = Non-inter-level travel time spent in this place.
 C = Inter-level travel time spent in this place.
 D = Time resting spent in this place.
 E = Time spent auto-exploring this place.
 F = Levels seen in this place.
 G = Mean time per level.
                   A        B        C        D        E       F      G
               +--------+--------+--------+--------+--------+-----+--------+
         Total |   3158 |   3105 |     53 |      0 |   2607 |   4 |  789.5 |
       Dungeon |   3158 |   3105 |     53 |      0 |   2607 |   4 |  789.5 |
               +--------+--------+--------+--------+--------+-----+--------+

Top non-repeatable levels by time:
     D:2: 1489 daAuts
     D:3: 858 daAuts
     D:1: 751 daAuts
     D:4: 58 daAuts
